 Seeded DCSS version 0.30.1-4-g462c640d31 (webtiles) character file.

Game seed: 920673320228942481 (custom seed)

466 CarvArkoylaein the Magician (level 7, -5/48 HPs)
             Began as a Human Wanderer on Sept 5, 2023.
             Killed by miscasting Stone Arrow (6 damage)
             ... on level 4 of the Dungeon.
             The game lasted 00:22:22 (3901 turns).

CarvArkoylaein the Magician (Human Wanderer)        Turns: 3901, Time: 00:22:22

Health: -5/48      AC: 10    Str: 12    XL:     7   Next: 30%
Magic:  2/21       EV:  9    Int: 22    God:
Gold:   181        SH:  3    Dex: 11    Spells: 10/17 levels left

rFire   . . .        h - +6 Majin-Bo {spellvamp, MP+6 Int+6}
rCold   . . .        d - +0 buckler
rNeg    . . .        o - +0 ring mail
rPois   +            u - +0 helmet
rElec   .            t - +0 cloak {rPois}
rCorr   +            (no gloves)
SInv    .            i - +2 pair of boots {rampage}
Will    .....        D - amulet of the acrobat
Stlth   +            g - ring of wizardry
HPRegen 0.28/turn    q - ring of resist corrosion
MPRegen 0.17/turn

%: acrobat, rampage, wizardry (x1)
@: lethally poisoned (-5 -> -6), very slightly contaminated
A: no striking features
a: no special abilities


You were on level 4 of the Dungeon.
You visited 1 branch of the dungeon, and saw 4 of its levels.

You collected 181 gold pieces.

Inventory:

Hand Weapons
 a - a +0 club
 h - the +6 Majin-Bo (weapon) {spellvamp, MP+6 Int+6}
   (You acquired it on level 1 of the Dungeon)

   Int:       It affects your intelligence (+6).
   MP:        It affects your magic capacity (+6).
 s - a +2 quarterstaff of chaos
Armour
 c - a +0 robe
 d - a +0 buckler (worn)
 i - a +2 pair of boots of rampaging (worn)
 o - a +0 ring mail (worn)
 t - a +0 cloak of poison resistance (worn)
 u - a +0 helmet (worn)
 E - a +2 robe
Magical Staves
 j - a staff of conjuration
Jewellery
 g - a ring of wizardry (left hand)
 q - a ring of resist corrosion (right hand)
 D - an amulet of the acrobat (around neck)
Wands
 w - a wand of paralysis (3)
Scrolls
 e - 2 scrolls of teleportation {unknown}
 m - a scroll of fog {unknown}
 n - 2 scrolls of amnesia {unknown}
 x - a scroll of fear {unknown}
 y - a scroll of identify {unknown}
 A - a scroll of poison {unknown}
Potions
 b - 2 potions of brilliance
 f - a potion of resistance {unknown}
 k - a potion of mutation {unknown}
 l - 2 potions of cancellation {unknown}
 p - a potion of lignification {unknown}
 r - 2 potions of heal wounds {unknown}
 v - 2 potions of degeneration {unknown}
 z - a potion of invisibility {unknown}
 B - a potion of ambrosia {unknown}
 C - 2 potions of curing {unknown}


   Skills:
 + Level 1.1 Fighting
 + Level 0.4(1.8) Maces & Flails
 + Level 2.8 Staves
 + Level 1.2 Armour
 + Level 1.0 Dodging
 + Level 1.5 Stealth
 + Level 1.1 Shields
 + Level 5.5 Spellcasting
 + Level 0.1 Conjurations
 + Level 3.9 Fire Magic
 + Level 2.4 Earth Magic


You had 10 spell levels left.
You knew the following spells:

 Your Spells              Type           Power      Damage    Failure   Level
a - Sandblast             Erth           32%        2d9       4%          1
b - Foxfire               Conj/Fire      56%        2x1d6     6%          1
c - Scorch                Fire           46%        2d6       4%          2
d - Stone Arrow           Conj/Erth      22%        3d8       22%         3

Your spell library contained the following spells:

 Spells                   Type           Power      Damage    Failure   Level
 Kiss of Death            Conj/Necr      24%        2d7       12%         1
 Blink                    Tloc           12%        N/A       19%         2
 Confusing Touch          Hex            6%         N/A       34%         3
 Flame Wave               Conj/Fire      14%        2d6       45%         4
 Dispel Undead            Necr           6%         3d8       73%         4
 Manifold Assault         Tloc           6%         N/A       73%         4
 Fireball                 Conj/Fire      7%         3d5       80%         5
 Plasma Beam              Fire/Air       7%         2x1d19    100%        6
 Starburst                Conj/Fire      7%         6d4       100%        6
 Storm Form               Tmut/Air       3%         N/A       100%        7


Dungeon Overview and Level Annotations

Branches:
Dungeon (4/15)
 Temple: D:4-7

Altars:

Shops:
D:3 *:


Message History

You hear some strange, mumbled words.
Something tries to affect you, but you resist.
You miscast Stone Arrow.
A wave of violent energy washes through your body!
The scorpion stings you but does no damage.
You block the orc's attack. Something hits you but does no damage.
You are poisoned.
The stone arrow hits the scorpion!
You feel better.
You kill the scorpion!
You feel sick. Something hits you. The orc barely misses you.
You hit the orc.
The orc is severely wounded.
You feel sick. Something hits you but does no damage.
You are more poisoned.
The orc barely misses you.
You closely miss something.
You feel very sick. Something hits you. The orc hits you with a +0 flail!
* * * LOW HITPOINT WARNING * * *
You closely miss the orc.
The orc is severely wounded.
You feel sick. Something hits you but does no damage.
The orc closely misses you. The orc attacks as you move away!
The orc barely misses you.
You feel sick. Something closely misses you.
You feel sick. Something hits you.
* * * LOW HITPOINT WARNING * * *
You feel sick.
Something unexpectedly blocked you, preventing you from rampaging!
You completely miss something.
You feel sick.
An orc is nearby!
An orc is nearby!
An orc is nearby!
An orc is nearby!
You are too injured to fight recklessly!
You are too injured to fight recklessly!
Aiming: Stone Arrow (dangerous; 22% risk of failure)
Press: ? - help, Q - select action, (/) - cycle Shift-Dir - straight line You miscast Stone Arrow.
You are caught in a violent explosion.
You die...

# #.
###.##########
#.....))....(.
#>....[##
#...#.#.o### #
# ##...####
###@...#
####.# #.##
#..#####
##.....##
#####..##
##..# ###
##[####..
#...#...


You could see an orc.

Vanquished Creatures
  Sigmund (D:4)
  Blork the orc (D:4)
  A scorpion (D:4)
  Crazy Yiuf (D:2)
  Natasha (thrice) (D:2)
  2 adders
  A worm (D:3)
  2 dart slugs
  5 orcs (D:4)
  5 endoplasms
  A giant cockroach (D:2)
  4 goblins
  5 hobgoblins
  6 kobolds
  2 quokkas
  8 ball pythons
  4 bats
  4 rats
56 creatures vanquished.

Notes
Turn   | Place    | Note
-------+----------+-------------------------------------------
     0 | D:1      | CarvArkoylaein the Human Wanderer began the quest for the
                  | Orb.
     0 | D:1      | CarvArkoylaein set off with the following items: a +0 club,
                  | a potion of brilliance, a +0 robe, a +0 buckler; and the
                  | following spells available to memorise: Sandblast, Foxfire,
                  | Scorch, Stone Arrow, Flame Wave.
     0 | D:1      | Reached XP level 1. HP: 13/13 MP: 5/5
     8 | D:1      | Learned a level 1 spell: Sandblast
    18 | D:1      | Learned a level 1 spell: Foxfire
   281 | D:1      | Identified 3 scrolls of acquirement
   281 | D:1      | Acquired a staff of conjuration
   282 | D:1      | Acquired the +6 Majin-Bo {spellvamp, MP+6 Int+6}
   282 | D:1      | Found the +6 Majin-Bo {spellvamp, MP+6 Int+6}
   283 | D:1      | Acquired a +2 pair of boots of rampaging
   478 | D:1      | Reached XP level 2. HP: 19/19 MP: 7/7
  1517 | D:2      | Learned a level 2 spell: Scorch
  1548 | D:2      | Reached XP level 3. HP: 23/24 MP: 8/8
  1610 | D:2      | Noticed Natasha
  1615 | D:2      | Killed Natasha
  1616 | D:2      | Reached skill level 1 in Staves
  1616 | D:2      | Reached XP level 4. HP: 21/30 MP: 7/10
  1699 | D:2      | Reached skill level 1 in Fighting
  2114 | D:2      | Found a runed translucent door.
  2115 | D:2      | Noticed Crazy Yiuf
  2132 | D:2      | Noticed Natasha
  2139 | D:2      | Killed Natasha
  2233 | D:2      | Noticed Natasha
  2238 | D:2      | Killed Natasha
  2239 | D:2      | Reached XP level 5. HP: 29/37 MP: 10/11
  2412 | D:2      | Killed Crazy Yiuf
  2413 | D:2      | Reached skill level 1 in Dodging
  2538 | D:3      | Learned a level 3 spell: Stone Arrow
  2890 | D:3      | Found Xyxiz's Assorted Antiques.
  3047 | D:3      | Found Rylak's Book Boutique.
  3435 | D:4      | Noticed Sigmund
  3472 | D:4      | Killed Sigmund
  3473 | D:4      | Reached skill level 1 in Armour
  3473 | D:4      | Reached skill level 5 in Spellcasting
  3473 | D:4      | Reached XP level 6. HP: 34/43 MP: 8/13
  3620 | D:4      | Noticed Blork the orc
  3633 | D:4      | Killed Blork the orc
  3634 | D:4      | Reached XP level 7. HP: 29/48 MP: 1/15
  3901 | D:4      | Killed by miscasting Stone Arrow

Illustrated notes

Levels and vault maps discovered:
D:1:      dpeg_arrival_orchard, layout_basic
D:2:      layout_loops_corners, uniq_natasha, uniq_crazy_yiuf_cottage
D:3:      layout_basic, serial_shops, nicolae_shop_stone, shop
D:4:      layout_basic, nicolae_figureground_sparkle, uniq_sigmund, uniq_robin,
          uniq_blork_the_orc

Skill      XL: |  1  2  3  4  5 |
---------------+----------------+-----
Staves         | 1 2 |  2.8
Fighting       | 1 |  1.1
Dodging        | 1 |  1.0
Armour         | 1 |  1.2
Spellcasting   | 5 |  5.5
Fire Magic     | 3 |  3.9
Maces & Flails | |  0.4
Stealth        | |  1.5
Shields        | |  1.1
Conjurations   | |  0.1
Earth Magic    | |  2.4

Action                     |  1- 3 |  4- 6 |  7- 9 || total
---------------------------+-------+-------+-------++-------
  Melee: Club              |    11 |       |       ||    11
         Bo                |    12 |    10 |     7 ||    29
   Cast: Sandblast         |     4 |       |       ||     4
         Scorch            |     5 |    50 |     1 ||    56
         Stone Arrow       |       |       |     4 ||     4
    Use: Scroll            |     3 |       |       ||     3
   Stab: Sleeping          |     2 |       |       ||     2
 Armour: Robe              |     2 |       |       ||     2
         Ring mail         |     2 |    11 |     8 ||    21
  Dodge: Dodged            |     5 |    13 |     8 ||    26
  Block: Buckler           |     5 |     2 |     2 ||     9
